 Dungeon Crawl Stone Soup version 0.25.0-9-g26727b657a (webtiles) character file.

Game seed: 8258453068952324494

8915 Infinimo the Zephyrmancer (level 11, -2/54 HPs)
             Began as a Tengu Air Elementalist on June 19, 2020.
             Slain by a polar bear (3 damage)
             ... on level 11 of the Dungeon.
             The game lasted 00:24:28 (14697 turns).

Infinimo the Zephyrmancer (Tengu Air Elementalist) Turns: 14697, Time: 00:24:28

Health: -2/54      AC:  4    Str:  9    XL:     11   Next: 38%
Magic:  1/23       EV: 15    Int: 19    God:
Gold:   283        SH:  0    Dex: 14    Spells: 9/24 levels left

rFire    . . .     SeeInvis .   D - +1 long sword (elec)
rCold    . . .     Gourm    .   (no shield)
rNeg     . . .     Faith    .   a - +1 robe
rPois    +         Spirit   .   (helmet restricted)
rElec    .         Reflect  .   u - scarf {repulsion}
rCorr    .         Harm     .   v - +0 pair of gloves
MR       .....                  (boots unavailable)
Stlth    ++........             h - amulet of regeneration
HPRegen  0.58/turn              e - ring of poison resistance
MPRegen  0.18/turn              (no ring)

@: flying quickly and evasively, invisible, repel missiles, quick
A: beak, talons 3, able to fly
a: Stop Flying


You were on level 11 of the Dungeon.
You were very hungry.

You visited 1 branch of the dungeon, and saw 11 of its levels.

You collected 624 gold pieces.
You spent 341 gold pieces at shops.

Inventory:

Hand Weapons
 D - a +1 long sword of electrocution (weapon)
Armour
 a - a +1 robe (worn)
 u - a scarf of repulsion (worn)
 v - a +0 pair of gloves (worn)
Jewellery
 e - a ring of poison resistance (left hand)
 h - an amulet of regeneration (around neck)
 x - a cursed ring of attention {unknown}
Wands
 g - a wand of polymorph (13)
 m - a wand of digging (7)
 p - a wand of disintegration (22)
 z - a wand of flame (15)
Scrolls
 b - 2 scrolls of amnesia
 i - 5 scrolls of identify
 j - a scroll of magic mapping {unknown}
 l - 6 scrolls of remove curse
 o - 2 scrolls of enchant armour
 w - a scroll of enchant weapon
 y - 4 scrolls of teleportation
Potions
 d - 2 potions of brilliance
 f - a potion of mutation {unknown}
 k - 3 potions of haste
 n - 5 potions of stabbing
 q - 7 potions of degeneration
 r - a potion of curing
 s - a potion of lignification
 t - 2 potions of flight
 A - a potion of cancellation
 B - a potion of magic
 F - a potion of resistance
Comestibles
 c - 20 rations


   Skills:
 - Level 2.1 Dodging
 - Level 2.0 Stealth
 + Level 7.4 Spellcasting
 * Level 13.8 Conjurations
 * Level 14.2 Air Magic


You had 9 spell levels left.
You knew the following spells:

 Your Spells              Type           Power        Failure   Level  Hunger
a - Shock                 Conj/Air       ####         1%          1    None
b - Swiftness             Chrm/Air       ####....     1%          2    None
c - Airstrike             Air            ######....   1%          4    ###....
d - Lightning Bolt        Conj/Air       ######....   1%          5    #####..
e - Mephitic Cloud        Conj/Pois/Air  #####...     1%          3    #......

Your spell library contained the following spells:

 Spells                   Type           Power        Failure   Level  Hunger
 Magic Dart               Conj           ####         1%          1    None
 Conjure Flame            Conj/Fire      ####....     1%          3    #......
 Static Discharge         Conj/Air       ######..     1%          3    #......
 Animate Skeleton         Necr           N/A          10%         1    None
 Pain                     Necr           #...         10%         1    None
 Blink                    Tloc           N/A          14%         2    None
 Call Imp                 Summ           #.......     14%         2    None
 Slow                     Hex            #.......     14%         2    None
 Vampiric Draining        Necr           #.........   28%         3    #......
 Animate Dead             Necr           N/A          67%         4    ###....
 Agony                    Necr           #.......     95%         5    #####..


Dungeon Overview and Level Annotations

Branches:
Dungeon (11/15)            Temple (0/1) D:6            Lair (0/6) D:8
    Orc (0/2) D:9

Altars:
Ashenzari
Elyvilon
Nemelex Xobeh
Okawaru
Qazlal
Trog
Xom
Yredelemnul
Zin
The Shining One

Shops:
D:6 }   D:7 *   D:9 !


Innate Abilities, Weirdness & Mutations

You have a beak for a mouth.
You have claws for feet.
You can fly continuously.


Message History

You barely miss the polar bear. You claw the polar bear.
The polar bear is almost dead.
The polar bear bites you! The polar bear closely misses you.
The polar bear claws you. The polar bear bites you!!
* * * LOW HITPOINT WARNING * * *
The polar bear claws you but does no damage.
The polar bear claws you.
* * * LOW HITPOINT WARNING * * *
The polar bear bites you!
* * * LOW HITPOINT WARNING * * *
The polar bear claws you but does no damage.
The polar bear barely misses you.
Okay, then.
Okay, then.
Okay, then.
You fade into invisibility!
The polar bear barely misses you.
You riposte.
You hit the polar bear.
The polar bear is almost dead.
The polar bear closely misses you. The polar bear claws you.
You die...

#..# #.#
#..###.#
#.)....###
#.####...# #h#
#.#.# #.# #|#.#
#.# #.#.#
##########.#
#.#.#
#.....@h...#
#.#.#
#.##########
#.#.# #.#
#####.#.### #.#
#.).......# #.#
#.###.###.###
#.#
####......##....
#.#
#>...###.###.###
#.# #....# #.#
#.... #.#
#....###.###.###


You could see a polar bear (wandering, berserk).

Vanquished Creatures
  2 two-headed ogres
  Maurice (D:8)
  A troll (D:11)
  A polar bear (D:11)
  Prince Ribbit (D:8)
  3 hippogriffs
  A wraith (D:11)
  Eustachio (D:6)
  4 yaks (D:9)
  2 hungry ghosts
  Edmund (D:3)
  A water moccasin (D:9)
  3 ice beasts
  2 sky beasts
  2 phantoms
  2 black bears
  5 orc warriors
  5 ogres
  2 centaurs
  A big kobold (D:8)
  8 bullfrogs
  A wyvern zombie (D:6)
  A water moccasin zombie (D:10)
  4 scorpions
  9 killer bees
  3 wights (D:7)
  A howler monkey (D:5)
  8 crimson imps
  9 orc priests
  A bullfrog zombie (D:7)
  2 hounds
  6 jellies
  2 bullfrog skeletons
  An iguana (D:6)
  Crazy Yiuf (D:3)
  A gnoll shaman (D:5)
  5 orc wizards
  4 worker ants
  Ijyb (D:3)
  A hound zombie (D:3)
  A hound skeleton (D:8)
  2 worker ant zombies
  13 adders
  3 gnolls (D:5)
  4 shadow imps
  4 oozes
  An adder zombie (D:7)
  3 worms
  A dart slug (D:1)
  5 leopard geckos
  30 orcs
  4 giant cockroaches
  10 goblins
  6 hobgoblins
  14 jackals
  9 quokkas
  A ball python (D:2)
  8 bats
  2 frilled lizards
  16 kobolds
  A leopard gecko skeleton (D:5)
  A leopard gecko zombie (D:2)
  A quokka zombie (D:10)
  16 rats
266 creatures vanquished.

Notes
Turn   | Place    | Note
-------+----------+-------------------------------------------
     0 | D:1      | Infinimo the Tengu Air Elementalist began the quest for the
                  | Orb.
     0 | D:1      | Reached XP level 1. HP: 10/10 MP: 4/4
    27 | D:1      | Reached XP level 2. HP: 13/15 MP: 0/6
   692 | D:1      | Reached XP level 3. HP: 18/19 MP: 3/7
   752 | D:1      | Found a glowing golden altar of the Shining One.
  1806 | D:2      | Reached skill level 5 in Air Magic
  1941 | D:2      | Reached XP level 4. HP: 24/24 MP: 6/8
  2747 | D:2      | Learned a level 2 spell: Swiftness
  3055 | D:3      | Gained mutation: You can fly continuously. [Tengu growth]
  3055 | D:3      | Reached XP level 5. HP: 13/28 MP: 0/10
  3263 | D:3      | Found a basalt altar of Yredelemnul.
  3397 | D:3      | Found a glowing golden altar of the Shining One.
  3460 | D:3      | Found a runed translucent door.
  3461 | D:3      | Noticed Crazy Yiuf
  3514 | D:3      | Noticed Ijyb
  3518 | D:3      | Paralysed by Ijyb for 3 turns
  3526 | D:3      | Paralysed by Ijyb for 7 turns
  3538 | D:3      | Paralysed by Ijyb for 4 turns
  3553 | D:3      | Killed Ijyb
  3669 | D:3      | Reached skill level 6 in Air Magic
  3891 | D:3      | Found a shattered altar of Ashenzari.
  3921 | D:3      | Found a white marble altar of Elyvilon.
  3922 | D:3      | Found a stormy altar of Qazlal.
  4316 | D:3      | HP: 1/28 [Crazy Yiuf/+4 quarterstaff of chaos (17)]
  4317 | D:3      | Killed Crazy Yiuf
  4317 | D:3      | Reached XP level 6. HP: 1/32 MP: 4/11
  4509 | D:3      | Learned a level 4 spell: Airstrike
  4558 | D:4      | Noticed a phantom
  4571 | D:4      | Killed a phantom
  4571 | D:4      | Reached skill level 5 in Conjurations
  4745 | D:4      | Noticed Edmund
  4839 | D:3      | Killed Edmund
  4839 | D:3      | Reached skill level 7 in Air Magic
  4839 | D:3      | Reached XP level 7. HP: 30/36 MP: 4/13
  4913 | D:4      | Found a bloodstained altar of Trog.
  4926 | D:4      | Found a shimmering altar of Xom.
  4926 | D:4      | Found a sparkling altar of Nemelex Xobeh.
  5572 | D:5      | Entered Level 5 of the Dungeon
  5814 | D:5      | Reached skill level 8 in Air Magic
  6013 | D:5      | Found an iron altar of Okawaru.
  6104 | D:5      | Reached XP level 8. HP: 31/41 MP: 9/15
  6831 | D:6      | Found a staircase to the Ecumenical Temple.
  6850 | D:6      | Reached skill level 9 in Air Magic
  7081 | D:6      | Found a glowing silver altar of Zin.
  7134 | D:6      | Noticed Eustachio
  7143 | D:6      | Killed Eustachio
  7509 | D:6      | Found Cischelic's Gadget Shop.
  7965 | D:7      | Reached skill level 10 in Air Magic
  7965 | D:7      | Reached XP level 9. HP: 45/45 MP: 10/17
  8086 | D:7      | Reached skill level 5 in Spellcasting
  8186 | D:7      | Found Jej Ygi's General Store.
  8365 | D:7      | Bought a scroll of teleportation for 42 gold pieces
  8778 | D:7      | Reached skill level 10 in Conjurations
  9223 | D:7      | Reached skill level 11 in Air Magic
 10181 | D:8      | Found a staircase to the Lair.
 10350 | D:8      | Reached XP level 10. HP: 50/50 MP: 14/19
 10411 | D:8      | Noticed Maurice
 10418 | D:8      | Killed Maurice
 10418 | D:8      | Reached skill level 12 in Air Magic
 10860 | D:8      | Noticed Prince Ribbit
 10864 | D:8      | Killed Prince Ribbit
 11122 | D:9      | Noticed a two-headed ogre
 11126 | D:9      | Killed a two-headed ogre
 11501 | D:9      | Reached skill level 13 in Air Magic
 11690 | D:9      | Found a staircase to the Orcish Mines.
 11739 | D:9      | Found Oliuh's Distillery.
 11747 | D:9      | Bought a potion of curing for 39 gold pieces
 11747 | D:9      | Bought a potion of resistance for 130 gold pieces
 11747 | D:9      | Bought a potion of haste for 130 gold pieces
 12650 | D:9      | Learned a level 5 spell: Lightning Bolt
 12654 | D:9      | Learned a level 3 spell: Mephitic Cloud
 12664 | D:10     | Entered Level 10 of the Dungeon
 12675 | D:10     | Reached XP level 11. HP: 33/54 MP: 13/22
 12791 | D:10     | Noticed a two-headed ogre
 12994 | D:10     | Killed a two-headed ogre
 13268 | D:10     | Found a flagged portal.
 13653 | D:10     | Reached skill level 14 in Air Magic
 14696 | D:11     | HP: 1/54 [polar bear (7)]
 14697 | D:11     | Slain by a polar bear

Illustrated notes

Levels and vault maps discovered:
D:1:      heliophobic_arrival_enchanted_forest, layout_loops_ring, tso_altar
D:2:      layout_rooms, hangedman_decor_clover_reticule
D:3:      layout_loops_corners, lemuel_crystal_altar,
          nicolae_overflow_hidden_temple, evilmike_ruin_ashenzari,
          hangedman_decor_growths, nrook_uturn, due_unseen_surprise, uniq_ijyb,
          uniq_crazy_yiuf_cottage
D:4:      layout_rooms, gammafunk_temple_overflow_forgotten, first_ration,
          hangedman_decor_riveting, solitary_fountain, uniq_edmund
D:5:      layout_loops_ring, kennysheep_okawaru_gauntlet
D:6:      layout_loops_ring, minmay_temple_entry_wispy, basic_altar,
          serial_shops, shop, uniq_eustachio
D:7:      layout_cave_pods, serial_shops, nicolae_shop_waterfront
D:8:      layout_rooms, dpeg_oklobed_lair, blue_anna_alchemist
          [blue_anna_fruit_fields, blue_anna_fruit_fields], uniq_maurice,
          uniq_prince_ribbit1
D:9:      layout_basic, orc_0_dummy, serial_shops,
          nicolae_shop_competitors_out_of_business
D:10:     layout_cave_pools, enter_bailey_6
D:11:     layout_loops_ring, trog_ov_bears_minmay

Skill      XL: |  1  2  3  4  5  6  7  8  9 10 11 |
---------------+----------------------------------+-----
Conjurations   | 2 3 4 6 7 9 11 13 | 13.8
Air Magic      | 5 6 7 8 10 11 13 14 | 14.2
Spellcasting   | 3 4 5 6 7 |  7.4
Dodging        | |  2.1
Stealth        | |  2.0

Action                   |  1- 3 |  4- 6 |  7- 9 | 10-12 || total
-------------------------+-------+-------+-------+-------++-------
Melee: Unarmed           |     5 |       |       |       ||     5
       Kick              |    10 |     9 |     1 |    14 ||    34
       Short sword       |    32 |       |       |       ||    32
       Peck              |     8 |     5 |       |     7 ||    20
       Whip              |     3 |    37 |       |       ||    40
       Hand axe          |       |       |     1 |       ||     1
       Long sword        |       |       |       |    20 ||    20
 Cast: Shock             |    56 |   157 |   324 |   221 ||   758
       Swiftness         |       |     2 |     1 |       ||     3
       Airstrike         |       |       |    21 |    68 ||    89
 Abil: Fly               |       |     1 |       |       ||     1
Evoke: Wand              |       |     1 |       |       ||     1
  Use: Scroll            |     1 |       |    16 |     2 ||    19
       Potion            |       |     3 |       |     2 ||     5
 Stab: Sleeping          |     1 |       |       |       ||     1
  Eat: Chunk             |     4 |     8 |    18 |    17 ||    47
       Ration            |       |       |     1 |     2 ||     3
Armor: Robe              |     6 |    15 |    17 |    20 ||    58
Dodge: Dodged            |    29 |    55 |    74 |   102 ||   260
       Repelled          |       |       |     4 |     2 ||     6
       Rpst.: Long sword |       |       |     1 |    29 ||    30
